 Dungeon Crawl Stone Soup version 0.27-a0-906-g0a00ce863d (webtiles) character file.

Game seed: 18311459703505736179

473 nicknak712 the Insei (level 6, -10/47 HPs)
             Began as a Demonspawn Monk on Apr 7, 2021.
             Was a Priest of Okawaru.
             Killed by nerve-wracking pain
             ... invoked by a shadow imp
              (11 damage)
             ... on level 5 of the Dungeon.
             The game lasted 00:14:56 (5507 turns).

nicknak712 the Insei (Demonspawn Monk)              Turns: 5507, Time: 00:14:57

Health: -10/47     AC:  9    Str: 12    XL:     6   Next: 84%
Magic:  7/7        EV: 13    Int: 11    God:    Okawaru [***...]
Gold:   204        SH:  4    Dex: 17    Spells: 3/5 levels left

rFire    . . .     SeeInvis .     - Unarmed
rCold    . . .     Faith    .   (no shield)
rNeg     . . .     Spirit   .   a - +0 robe
rPois    .         Reflect  .   j - +0 helmet
rElec    .         Harm     .   (no cloak)
rCorr    .         Rampage  .   (no gloves)
Will     .....                  (no boots)
Stlth    +++.......             h - amulet of magic regeneration
HPRegen  0.15/turn              n - +4 ring of protection
MPRegen  0.35/turn              (no ring)

@: no status effects
A: claws 2, slimy green scales 1, condensation shield
a: Renounce Religion, Heroism


You were on level 5 of the Dungeon.
You worshipped Okawaru.
Okawaru was most pleased with you.
You visited 1 branch of the dungeon, and saw 5 of its levels.

You collected 204 gold pieces.

Inventory:

Hand Weapons
 u - the +7 hand axe of the Owl {distort, +Blink Int+3}
   (You found it on level 4 of the Dungeon)

   It warps and distorts space around it.
   Unwielding it can cause banishment or high damage.
   It affects your intelligence (+3).
   It lets you blink.
Missiles
 p - 31 poisoned darts (quivered)
Armour
 a - a +0 robe (worn)
 j - a +0 helmet (worn)
 l - a +0 crystal plate armour
Jewellery
 h - an amulet of magic regeneration (around neck)
 n - a +4 ring of protection (left claw)
Wands
 t - a wand of digging (2)
Scrolls
 b - a scroll of summoning {unknown}
 d - 5 scrolls of identify {unknown}
 e - a scroll of brand weapon {unknown}
 g - 4 scrolls of teleportation {unknown}
 k - a scroll of noise {unknown}
 o - a scroll of enchant armour {unknown}
 q - a scroll of fog {unknown}
Potions
 c - a potion of heal wounds {unknown}
 f - 2 potions of curing {unknown}
 i - 2 potions of resistance {unknown}
 m - a potion of magic {unknown}
 r - 2 potions of flight {unknown}
 s - a potion of attraction {unknown}


   Skills:
 + Level 3.3 Fighting
 + Level 3.7 Dodging
 + Level 3.3 Stealth
 + Level 1.0 Shields
 + Level 5.4 Unarmed Combat
 * Level 2.2 Invocations


You had 3 spell levels left.
You knew the following spells:

 Your Spells              Type           Power      Damage    Failure   Level
a - Corona                Hex            0%         N/A       34%         1
b - Magic Dart            Conj           0%         1d3       34%         1

Your spell library contained the following spells:

 Spells                   Type           Power      Damage    Failure   Level
 Ensorcelled Hibernation  Hex/Ice        0%         N/A       47%         2
 Searing Ray              Conj           0%         3d3       47%         2
 Confusing Touch          Hex            0%         N/A       71%         3
 Dazzling Flash           Conj/Hex       0%         N/A       71%         3
 Tukima's Dance           Hex            0%         N/A       71%         3
 Fulminant Prism          Conj/Hex       0%         3d6       98%         4
 Iskenderun's Mystic Bla  Conj/Tloc      0%         2d3       98%         4


Dungeon Overview and Level Annotations

Branches:
Dungeon (5/15)             Temple (0/1) D:4

Altars:
Okawaru
Yredelemnul

Annotations:
D:5 Eustachio


Innate Abilities, Weirdness & Mutations

You have very sharp fingernails.
You are partially covered in slimy green scales. (AC +2)
A meltable shield of frost defends you. (SH +4)


Message History

Eustachio is lightly wounded.
The adder barely misses you. The phantom hits you.
* * * LOW HITPOINT WARNING * * *
The phantom blinks!
You blink.
The shadow imp hits you but does no damage.
You scratch the adder.
The adder is moderately wounded.
The adder closely misses you.
An adder comes into view.
The phantom closely misses you.
The shadow imp hits you but does no damage.
The adder barely misses you.
You closely miss the adder.
The adder is moderately wounded.
The adder bites you but does no damage.
The shadow imp hits you but does no damage.
You barely miss the adder.
The adder is moderately wounded.
The adder closely misses you. The phantom hits you.
* * * LOW HITPOINT WARNING * * *
Eustachio hits you with a +0 falchion.
* * * LOW HITPOINT WARNING * * *
You miss the adder.
The adder is moderately wounded.
The sky beast flickers out of sight!
Deactivating autopickup; reactivate with Ctrl-A.
Something hits you but does no damage. The adder misses you.
The phantom closely misses you.
You scratch the adder.
The adder is severely wounded.
Eustachio hits you but does no damage. The adder barely misses you.
A sky beast appears from thin air!
Reactivating autopickup.
The sky beast hits you but does no damage.
The quasit misses you. You block the quasit's attack.
The quasit closely misses you. The phantom misses you.
Eustachio closely misses you. The phantom closely misses you.
Eustachio mumbles some strange words.
The shadow imp gestures at you. Pain shoots through your body!
You die...

#..............#.......
#.......########......#
#..)....# ########
#..)....# #..)....#
#.......# #.......#
'#.......# ....r.b@.#
......5.S# S......@5W#
.........SY# .......W.#
#######'## ... .....
......#


You could see Eustachio, 2 phantoms, a sky beast, a quasit (summoned), 2 adders,
a shadow imp, a quokka (summoned) and a bat (summoned).

Vanquished Creatures
  A phantom (D:5)
  A hound (D:4)
  A gnoll shaman (D:4)
  A centaur skeleton (D:5)
  An iguana (D:4)
  Terence (D:2)
  2 orc wizards (D:4)
  6 gnolls (D:4)
  3 adders
  2 adder skeletons (D:4)
  4 worms
  A dart slug (D:3)
  9 orcs
  10 endoplasms
  4 giant cockroaches
  7 goblins
  7 hobgoblins
  9 jackals
  6 kobolds
  3 quokkas
  3 ball pythons
  7 bats
  2 frilled lizards
  A jackal skeleton (D:4)
  9 rats
101 creatures vanquished.

Notes
Turn   | Place    | Note
-------+----------+-------------------------------------------
     0 | D:1      | nicknak712 the Demonspawn Monk began the quest for the Orb.
     0 | D:1      | Reached XP level 1. HP: 18/18 MP: 1/1
   328 | D:1      | Found a faded altar of an unknown god.
   339 | D:1      | Became a worshipper of Warmaster Okawaru
   339 | D:1      | Reached * piety under Okawaru
   339 | D:1      | Reached ** piety under Okawaru
   477 | D:1      | Reached skill level 3 in Unarmed Combat
   477 | D:1      | Gained mutation: You are partially covered in slimy green
                  | scales. (AC +2) [demonic ancestry]
   477 | D:1      | Reached XP level 2. HP: 24/24 MP: 2/2
   852 | D:1      | Reached *** piety under Okawaru
   994 | D:1      | Gained mutation: A meltable shield of frost defends you.
                  | (SH +4) [demonic ancestry]
   994 | D:1      | Reached XP level 3. HP: 23/29 MP: 3/3
  1564 | D:2      | Found a basalt altar of Yredelemnul.
  1885 | D:2      | Noticed Terence
  1913 | D:2      | Killed Terence
  1914 | D:2      | Gained mutation: You have sharp fingernails. [demonic
                  | ancestry]
  1914 | D:2      | Reached XP level 4. HP: 9/35 MP: 4/4
  2761 | D:3      | Reached skill level 4 in Unarmed Combat
  3603 | D:3      | Reached XP level 5. HP: 41/41 MP: 5/5
  4367 | D:4      | Reached skill level 1 in Invocations
  4372 | D:4      | Gained mutation: You have very sharp fingernails. [demonic
                  | ancestry]
  4372 | D:4      | Reached XP level 6. HP: 18/47 MP: 3/6
  4376 | D:4      | Reached skill level 5 in Unarmed Combat
  4574 | D:4      | Identified the +7 hand axe of the Owl {distort, +Blink
                  | Int+3}
  4657 | D:4      | Found a staircase to the Ecumenical Temple.
  5041 | D:4      | Learned a level 1 spell: Corona
  5043 | D:4      | Learned a level 1 spell: Magic Dart
  5333 | D:5      | Entered Level 5 of the Dungeon
  5479 | D:5      | Reached skill level 1 in Shields
  5488 | D:5      | Noticed Eustachio
  5491 | D:5      | Noticed a sky beast
  5503 | D:5      | HP: 1/47 [Eustachio/+0 falchion (6)]
  5507 | D:5      | Killed from afar by a shadow imp

Illustrated notes

Levels and vault maps discovered:
D:1:      giann_forest_graveyard, layout_loops_ring, basic_ecumenical_altar,
          minmay_indecisive_spiral
D:2:      mumra_celtic_spiral_tile, layout_basic, basic_altar, uniq_terence
D:3:      kb_forest_paths, layout_loops_ring, lemuel_old_faithful
D:4:      layout_basic, minmay_temple_entry_purple_smoke,
          cheibrodos_sewer_entry_bend, chequers_serial_rivers_micro_b,
          minmay_misc_feat_nine_boxes
D:5:      layout_gridville, minmay_misc_feat_roman, uniq_eustachio

Skill      XL: |  1  2  3  4  5  6 |
---------------+-------------------+-----
Unarmed Combat | 3 4 5 |  5.4
Stealth        | 2 3 |  3.3
Dodging        | 3 |  3.7
Invocations    | 1 2 |  2.2
Shields        | 1 |  1.0
Fighting       | |  3.3

Action                   |  1- 3 |  4- 6 || total
-------------------------+-------+-------++-------
Melee: Unarmed           |   163 |   251 ||   414
       Punch             |     2 |     6 ||     8
Throw: Dart              |       |     2 ||     2
Invok: Heroism           |       |     2 ||     2
 Stab: Sleeping          |     6 |    15 ||    21
Armor: Robe              |    29 |    64 ||    93
Dodge: Dodged            |   114 |   134 ||   248
Block: Other             |    12 |    35 ||    47

Table legend: (Time is in decaauts)
 A = Elapsed time spent in this place.
 B = Non-inter-level travel time spent in this place.
 C = Inter-level travel time spent in this place.
 D = Time resting spent in this place.
 E = Time spent auto-exploring this place.
 F = Levels seen in this place.
 G = Mean time per level.
                   A        B        C        D        E       F      G
               +--------+--------+--------+--------+--------+-----+--------+
         Total |   5480 |   5429 |     51 |      0 |   4482 |   5 | 1096.0 |
       Dungeon |   5480 |   5429 |     51 |      0 |   4482 |   5 | 1096.0 |
               +--------+--------+--------+--------+--------+-----+--------+

Top non-repeatable levels by time:
     D:4: 1541 daAuts
     D:1: 1377 daAuts
     D:2: 1364 daAuts
     D:3: 1029 daAuts
     D:5: 168 daAuts
